[Event "*** Titled Tuesday 3|2 Blitz"]
[Site "Chess.com"]
[Date "2015.11.03"]
[Round "7"]
[White "AdrianaNikolova"]
[Black "Tesla17"]
[Result "1-0"]
[WhiteElo "2222"]
[BlackElo "2194"]
[TimeControl "180+2"]
[EndTime "18:18:01 PST"]
[Termination "AdrianaNikolova won by resignation"]

1. e4 c5 2. Nf3 g6 3. c3 Bg7 4. d4 cxd4 5. cxd4 d5 6. e5 Bg4 7.
h3 Bxf3 8. Qxf3 e6 9. Bb5+ Nd7 10.
O-O Ne7 11. Bg5 O-O 12. Bxd7 Qxd7 13. Bf6 Nc6 14. Rd1 Rac8 15. Nc3 a6 16. h4 Na5 17. h5 Nc4 18. b3 Na5 19. Rd3 b5 20. Bxg7 Kxg7 21. Qf6+ Kg8 22. h6 1-0

[Event "*** Titled Tuesday 3|2 Blitz"]
[Site "Chess.com"]
[Date "2015.11.03"]
[Round "7"]
[White "wanyaland"]
[Black "Dlugy"]
[Result "0-1"]
[WhiteElo "2248"]
[BlackElo "2584"]
[TimeControl "180+2"]
[EndTime "18:18:16 PST"]
[Termination "Dlugy won by resignation"]

1. d4 Nf6 2. c4 g6 3. Nc3 Bg7 4.
e4 d6 5. Nf3 O-O 6. Be2 e5 7.
O-O exd4 8. Nxd4 Re8 9. f3 c6 10. Bg5 Qb6 11. Na4 Qa5 12. Be3 d5 13. cxd5 Nxd5 14.
Bf2 Nf4 15. Nc3 Qg5 16. Bg3 Rd8 0-1

[Event "*** Titled Tuesday 3|2 Blitz"]
[Site "Chess.com"]
[Date "2015.11.03"]
[Round "7"]
[White "ilmago"]
[Black "chesstatour"]
[Result "0-1"]
[WhiteElo "1902"]
[BlackElo "1933"]
[TimeControl "180+2"]
[EndTime "18:20:31 PST"]
[Termination "chesstatour won by resignation"]

1. e4 c6 2. d4 d5 3. exd5 cxd5 4. c4 Nc6 5. Nf3 Nf6 6. Nc3 Bg4 7. Qb3 Bxf3 8.
gxf3 Nxd4 9. Qxb7 Nxf3+ 10. Ke2 Nd4+ 11. Kd3 dxc4+ 12. Ke3 e5 13. Bxc4 Ng4+ 14. Ke4 f5+ 15. Kd3 Be7 16. Nd5 Nxf2+ 17. Kc3 Ne4+ 18. Kd3 Nc5+ 19. Ke3 Nxb7 0-1

[Event "*** Titled Tuesday 3|2 Blitz"]
[Site "Chess.com"]
[Date "2015.11.03"]
[Round "7"]
[White "MMSANCHEZ"]
[Black "LePlusMortel"]
[Result "0-1"]
[WhiteElo "2307"]
[BlackElo "2422"]
[TimeControl "180+2"]
[EndTime "18:22:08 PST"]
[Termination "LePlusMortel won by resignation"]

1. d4 Nf6 2. c4 c5 3. d5 e6 4. Nc3 exd5 5. cxd5 Bd6 6. Nf3 O-O 7. e4 Re8 8. Bd3 c4 9. Bc2 b5 10. Bg5 b4 11.
Ne2 h6 12. Bxf6 Qxf6 13. Qd4 Qxd4 14. Nexd4 Bc5 15. O-O d6 16. Ba4 Rxe4 17. Rfe1 f5 18. Ne6 Na6 19. Bc2 Bxe6 20. dxe6 d5 21. Bxe4 fxe4 22.
Ne5 Re8 23. Rad1 Nc7 24. Nd7 Bb6 25. Nxb6 axb6 26. f3 exf3 27. gxf3 g5 28. Kf2 Kg7 29.
f4 Kf6 30. fxg5+ hxg5 31. Kf3 Rxe6 32. Rxe6+ Kxe6 33. Kg4 Ke5 34. Kxg5 d4 35. h4 Ne6+ 36. Kg4 Ng7 37. h5 Nxh5 38. Kxh5 d3 39. Kg4 Ke4 40. Re1+ Kd4 41. Kf3 d2 42. Rd1 Kd3 43. Rh1 c3 44. bxc3 bxc3 45. Kf2 c2 46. Rh3+ Kc4 47. Rh4+ Kc3 48.
Rh5 d1=Q 0-1

[Event "*** Titled Tuesday 3|2 Blitz"]
[Site "Chess.com"]
[Date "2015.11.03"]
[Round "7"]
[White "AlexanderL"]
[Black "Fh2411"]
[Result "1-0"]
[WhiteElo "2544"]
[BlackElo "2324"]
[TimeControl "180+2"]
[EndTime "18:22:44 PST"]
[Termination "AlexanderL won by resignation"]

1. d4 d5 2. c4 c6 3. Nf3 Nf6 4. g3 Bf5 5. Nc3 e6 6. Nh4 Be4 7. f3 Bg6 8. Qb3 Qb6 9. Nxg6 hxg6 10. Bg2 Nbd7 11. c5 Qxb3 12. axb3 a6 13. b4 Rc8 14. e4 Be7 15. e5 Nh7 16. h4 f5 17. f4 Kf7 18.
Ke2 Ra8 19. Nb1 Bd8 20. Nd2 a5 21. Nb3 a4 22. Bd2 Bc7 23. Na5 Ra7 24. Rxa4 b6 25. cxb6 Bxb6 26. Kd3 Rha8 27. Rc1 Bxa5 28. bxa5 Nb8 29. b4 Nf8 30. Bf1 Nfd7 31. Ke3 Rb7 32. Ra2 Raa7 33. Rac2 Na6 34. Bxa6 Rxa6 35. Rxc6 Ra8 36.
Rc7 Raa7 37. Rxb7 Rxb7 38. a6 Ra7 39. b5 Nb6 40. Bb4 Nc4+ 41. Rxc4 dxc4 42. Bc5 Ra8 43. a7 Ke8 44. b6 Kd7 45. b7 1-0

[Event "*** Titled Tuesday 3|2 Blitz"]
[Site "Chess.com"]
[Date "2015.11.03"]
[Round "7"]
[White "ZEN-22"]
[Black "kharposh"]
[Result "0-1"]
[WhiteElo "2169"]
[BlackElo "2108"]
[TimeControl "180+2"]
[EndTime "18:22:51 PST"]
[Termination "kharposh won by checkmate"]

1. e3 e5 2. Ne2 d5 3. d4 exd4 4. Nxd4 c5 5. Nf3 Nf6 6. c4 Nc6 7. Nc3 d4 8. exd4 cxd4 9. Nb5 Bb4+ 10. Bd2 Bc5 11. Bd3 a6 12. Qe2+ Be6 13. Na3 O-O 14.
O-O Re8 15. Qd1 Bg4 16. h3 Bh5 17. Re1 Ne5 18. Rxe5 Rxe5 19. g4 Bxg4 20. hxg4 Nxg4 21. Bf4 Rh5 22. Nc2 Bd6 23. Qd2 Qf6 24. Qe2 Bxf4 25.
Qe4 Nh2 26. Ncxd4 Rd8 27. Re1 g6 28. Bf1 Rxd4 29. Nxd4 Qxd4 30. Qxd4 Nf3+ 31. Kg2 Nxe1+ 32. Kg1 Nf3+ 33. Kg2 Nxd4 34. Bd3 Rg5+ 35. Kf1 h5 36. b4 b6 37. a4 Kg7 38. c5 bxc5 39. bxc5 Rxc5 40. Bxa6 Ra5 41. Bd3 Rxa4 42. Kg2 h4 43. Be4 g5 44. Bd5 Rb4 45. Kh3 f6 46. Kg4 Be5 47.
Kh5 Nf5 48. Be4 Nd6 49. f3 Nxe4 50. fxe4 h3 51. Kg4 h2 52. Kf5 Rxe4 53. Kxe4 h1=Q+ 54. Kf5 Qf3+ 55. Ke6 Ba1 56. Kd6 Qe4 57. Kc5 Be5 58. Kb5 Qc2 59. Kb4 Qc3+ 60. Kb5 Bd6 61. Ka6 Qb3 62. Ka5 Bc7+ 63. Ka6 Qb6# 0-1

[Event "*** Titled Tuesday 3|2 Blitz"]
[Site "Chess.com"]
[Date "2015.11.03"]
[Round "7"]
[White "jcgs1030"]
[Black "Viaje"]
[Result "1-0"]
[WhiteElo "2159"]
[BlackElo "2199"]
[TimeControl "180+2"]
[EndTime "18:23:00 PST"]
[Termination "jcgs1030 won by resignation"]

1. e4 c5 2. Nf3 d6 3. d4 cxd4 4. Nxd4 Nf6 5. Nc3 a6 6. h3 e6 7. g4 d5 8. exd5 Nxd5 9. Nde2 h5 10. Bg2 hxg4 11. hxg4 Rxh1+ 12. Bxh1 Nxc3 13. Qxd8+ Kxd8 14. Nxc3 Nc6 15. Bf4 e5 16. Bxc6 bxc6 17. O-O-O+ Ke8 18. Bxe5 Bxg4 19. Re1 Kd7 20. Ne4 f6 21. Bxf6 Re8 22. Bc3 Bf3 23. Ng5 Rxe1+ 24. Bxe1 Bd5 25. b3 Be7 26.
Nh3 Bf6 27. Bd2 Kd6 28. Nf4 Bf7 29. Bb4+ Ke5 30. Nd3+ Kd5 31. Kd2 Bd4 32. f3 c5 33.
Bc3 g5 34. Bxd4 Kxd4 35. Nf2 Be6 36. c3+ Ke5 37. Ke3 a5 38. Ne4 a4 39. bxa4 Bxa2 40. Nxg5 Bc4 41. Ne4 Kd5 42. f4 Ba6 43. f5 Ke5 44. f6 Bc4 45. a5 Ke6 46. f7 Ke7 47. Nd6 Ba6 48. Kf4 Bd3 49. Ke5 c4 50. a6 1-0

[Event "*** Titled Tuesday 3|2 Blitz"]
[Site "Chess.com"]
[Date "2015.11.03"]
[Round "7"]
[White "Cryptochess"]
[Black "Tirantes"]
[Result "1-0"]
[WhiteElo "2420"]
[BlackElo "2233"]
[TimeControl "180+2"]
[EndTime "18:23:10 PST"]
[Termination "Cryptochess won on time"]

1. e4 e5 2. Nf3 Nc6 3. Bc4 Nf6 4. d3 Be7 5. O-O O-O 6. c3 d6 7. Nbd2 Na5 8. Bb5 a6 9. Ba4 b5 10. Bc2 c5 11. Re1 Nc6 12. Nf1 Re8 13. Ng3 Bf8 14. d4 cxd4 15. cxd4 Bg4 16. d5 Nd4 17.
Be3 Bxf3 18. gxf3 Nxc2 19. Qxc2 Rc8 20. Qd2 Nd7 21. Rac1 Nc5 22. Rc2 Na4 23. Rec1 Rxc2 24. Rxc2 g6 25. Rc6 Qa8 26. b3 Nc5 27. Bxc5 dxc5 28.
Qa5 c4 29. Rxa6 Qc8 30. Qxb5 cxb3 31. axb3 Qc1+ 32. Kg2 Rc8 33. d6 Qd2 34. Qd5 Qb2 35.
Rc6 Ra8 36. Rc2 1-0

[Event "*** Titled Tuesday 3|2 Blitz"]
[Site "Chess.com"]
[Date "2015.11.03"]
[Round "7"]
[White "DeviatkinAndrey"]
[Black "bugsbunny444"]
[Result "1-0"]
[WhiteElo "2467"]
[BlackElo "2342"]
[TimeControl "180+2"]
[EndTime "18:23:11 PST"]
[Termination "DeviatkinAndrey won by resignation"]

1. e4 e6 2. Qe2 c5 3. g3 Nc6 4. Bg2 g6 5. Nf3 Bg7 6. O-O Nge7 7. c3 O-O 8. Rd1 d5 9. e5 h6 10. d4 b6 11. h4 a5 12. Bf4 Ba6 13. Qd2 Kh7 14. a4 cxd4 15. cxd4 Nf5 16. Nc3 Nb4 17. Bf1 Bxf1 18. Rxf1 Rc8 19. Rac1 Qe7 20. Nb5 Rfd8 21. Kg2 Bf8 22. Kh3 Na2 23. Ra1 Nb4 24. Rfc1 Rc6 25.
g4 Rxc1 26. Rxc1 Nxh4 27. Nxh4 g5 28. Bg3 gxh4 29. Bxh4 Qe8 30. Bxd8 Qxd8 31. Rc7 Kg8 32. Qf4 Qe8 33. Nd6 Bxd6 34. exd6 Na6 35. d7 1-0

[Event "*** Titled Tuesday 3|2 Blitz"]
[Site "Chess.com"]
[Date "2015.11.03"]
[Round "7"]
[White "Boryboy"]
[Black "Noukii"]
[Result "1-0"]
[WhiteElo "2511"]
[BlackElo "2617"]
[TimeControl "180+2"]
[EndTime "18:23:36 PST"]
[Termination "Boryboy won by resignation"]

1. d4 Nf6 2. Nf3 d5 3. c4 c6 4. e3 Bf5 5. Nc3 e6 6. Nh4 Be4 7. f3 Bg6 8. Qb3 b5 9. cxb5 c5 10. Nxg6 hxg6 11. Be2 Nbd7 12. f4 Bd6 13. g3 g5 14.
fxg5 Bxg3+ 15. Kd1 Ng8 16. g6 Ngf6 17. Bd2 Rc8 18. Kc2 Bd6 19. Raf1 Rh4 20. Kb1 cxd4 21.
gxf7+ Kxf7 22. exd4 Rxd4 23. Qc2 Kg8 24. Bg5 Rb4 25. a3 Rd4 26. Rhg1 Qe7 27. Nxd5 Rxc2 28. Nxe7+ Bxe7 29. Kxc2 Kf7 30. Rd1 Re4 31. Bd3 Re5 32. Bf4 Rc5+ 33. Kb1 Nd5 34. Bg3 Bf6 35. Rc1 Ke7 36.
Rxc5 Nxc5 37. Bc2 Ne3 38. Bf2 1-0

[Event "*** Titled Tuesday 3|2 Blitz"]
[Site "Chess.com"]
[Date "2015.11.03"]
[Round "7"]
[White "Shivagami"]
[Black "Penguininja"]
[Result "0-1"]
[WhiteElo "1778"]
[BlackElo "2160"]
[TimeControl "180+2"]
[EndTime "18:23:38 PST"]
[Termination "Penguininja won by resignation"]

1. Nc3 Nf6 2. d4 d5 3. Bg5 Nbd7 4. Nf3 e6 5. e4 dxe4 6. Nxe4 Be7 7. Nxf6+ Bxf6 8. Bf4 O-O 9. Bd3 c5 10. c3 b6 11. Be4 Ba6 12. Bxa8 Qxa8 13. Qd2 cxd4 14. Nxd4 e5 15. Nf3 exf4 16. Qxd7 Qe4+ 17. Kd2 Rd8 18. Qxd8+ Bxd8 19. Rae1 Qd5+ 20. Kc1 Qc6 21. Nd4 Qd7 22. Rd1 g6 23. Rhe1 Bf6 24. Re4 Kg7 25. Ne6+ Qxe6 26.
Rxe6 fxe6 27. Rd7+ Kh6 28. Rxa7 Bc4 29. b3 Bd5 30. f3 Bxc3 31. Kc2 Bd4 32. Kd3 Bg1 33. Ra6 Kg5 34. g3 Bxf3 35. h4+ Kg4 36. gxf4 Kxf4 37. Ra7 e5 38. Rxh7 e4+ 39. Kd2 e3+ 40. Kd3 e2 41. Re7 Bf2 42. Kd2 Bxh4 43. Rf7+ Kg3 44. Rg7 Kf2 45. Re7 Bxe7 46. a4 e1=Q+ 0-1

[Event "*** Titled Tuesday 3|2 Blitz"]
[Site "Chess.com"]
[Date "2015.11.03"]
[Round "7"]
[White "WanderingPuppet"]
[Black "simplerXiao"]
[Result "0-1"]
[WhiteElo "2159"]
[BlackElo "2342"]
[TimeControl "180+2"]
[EndTime "18:23:44 PST"]
[Termination "simplerXiao won on time"]

1. e4 c5 2. Nf3 e6 3. d4 cxd4 4. Nxd4 Nc6 5. Nc3 a6 6. Nxc6 bxc6 7. Bd3 d5 8. exd5 cxd5 9. O-O Nf6 10. Bg5 Be7 11. f4 O-O 12. Kh1 Rb8 13. Rb1 Bb7 14. f5 e5 15. Qe1 e4 16. Be2 d4 17.
Na4 Qd5 18. b3 Rfe8 19. Qg3 Kh8 20. Rbd1 Bd6 21. Qh3 Be5 22. Nb6 Qc6 23. Nc4 Rbd8 24. Rfe1 Bc7 25. Rd2 e3 26. Bxf6 exd2 27. Bxg7+ Kxg7 28. f6+ Qxf6 29. Nxd2 Kh8 30. Rf1 Qg7 31. Bd3 Re3 32.
Nf3 Bxf3 33. gxf3 Rg8 34. Qg4 Qxg4 35. fxg4 Rg7 36. Bf5 Re2 37. Rd1 Rxh2+ 38. Kg1 Re2 39. Kf1 Rh2 40. Rxd4 Bb6 41. Rb4 Be3 42. Re4 Bg5 43.
Ra4 Rg8 44. Kg1 Re2 45. Rxa6 Rd8 46. Bd3 Rd2 47. Kf1 Re8 48. Ra7 Bh4 0-1

[Event "*** Titled Tuesday 3|2 Blitz"]
[Site "Chess.com"]
[Date "2015.11.03"]
[Round "7"]
[White "kikydu96"]
[Black "Alliswell998"]
[Result "1-0"]
[WhiteElo "2221"]
[BlackElo "2097"]
[TimeControl "180+2"]
[EndTime "18:24:06 PST"]
[Termination "kikydu96 won by checkmate"]

1. b3 Nf6 2. Bb2 g6 3. Bxf6 exf6 4. c4 Bg7 5. Nc3 O-O 6. Rc1 b6 7. e3 Bb7 8. Nf3 Re8 9. Be2 f5 10. O-O d6 11. d4 Nd7 12. d5 Nc5 13. b4 Ne4 14.
Nxe4 fxe4 15. Nd4 Qh4 16. g3 Qh3 17. Bg4 Qh6 18. Nb5 Re7 19. c5 f5 20. Be2 Be5 21. cxd6 cxd6 22. Nc7 Rf8 23. Ne6 Rfe8 24. Nc7 Rf8 25. Ne6 Rfe8 26. Bb5 Rb8 27. h4 Kf7 28.
Ng5+ Kg8 29. Bc6 Ba6 30. b5 Bc8 31. a4 Bf6 32. Nh3 Bxh4 33. gxh4 Qxh4 34. Kg2 g5 35.
Rh1 Rg7 36. Ng1 Qg4+ 37. Qxg4 fxg4 38. Ne2 Bf5 39. Nd4 Bg6 40. Kg3 Rf7 41. Ne6 Rf3+ 42. Kg2 Rf5 43. Bd7 Rb7 44. Rc8+ Kf7 45. Nd8+ Ke7 46.
Bxf5 Bxf5 47. Nxb7 Bxc8 48. Rxh7+ Kf6 49. Nxd6 Bf5 50.
Rf7+ Ke5 51. Rxf5+ Kxd6 52. Rxg5 a5 53. bxa6 b5 54.
axb5 Kc5 55. a7 Kb6 56. a8=Q Kc5 57. Qc6+ Kb4 58. b6 Ka5 59. d6+ Kb4 60. Rb5+ Ka4 61. b7 Ka3 62. Qa6# 1-0

[Event "*** Titled Tuesday 3|2 Blitz"]
[Site "Chess.com"]
[Date "2015.11.03"]
[Round "7"]
[White "jcibarra"]
[Black "Malev212"]
[Result "0-1"]
[WhiteElo "2531"]
[BlackElo "2330"]
[TimeControl "180+2"]
[EndTime "18:24:13 PST"]
[Termination "Malev212 won by resignation"]

1. e4 c5 2. Nf3 a6 3. c4 e6 4. d4 cxd4 5. Nxd4 b6 6. Nc3 Bb7 7.
a3 d6 8. Be3 Nf6 9. f3 Nbd7 10.
Be2 Be7 11. O-O O-O 12. Qd2 Qc7 13. Rac1 Rfc8 14. b4 Rab8 15. Rfd1 Qd8 16. Bf1 Qe8 17. Nb3 h5 18. Bf4 Ne5 19. c5 bxc5 20. bxc5 Rd8 21.
Qc2 Rbc8 22. cxd6 Bxd6 23. Rxd6 Rxd6 24. Bxe5 Rdd8 25. Na5 Ba8 26. Qb2 Rc5 27. Bxf6 gxf6 28. Nb3 Rcc8 29. Bxa6 Rb8 30. a4 f5 31. Bb5 Qe7 32. Re1 Rbc8 33. Nd1 fxe4 34. fxe4 Qb4 35.
Rf1 Bxe4 36. Nf2 Bg6 37. Re1 Qxe1+ 38. Bf1 Qe3 39. Na5 Rd2 40. Qf6 Rcc2 41. Nc4 Qxf2+ 42. Qxf2 Rxf2 43. a5 Rxf1+ 0-1

[Event "*** Titled Tuesday 3|2 Blitz"]
[Site "Chess.com"]
[Date "2015.11.03"]
[Round "7"]
[White "ItalianMachine"]
[Black "Aygehovit1992"]
[Result "1/2-1/2"]
[WhiteElo "2275"]
[BlackElo "2458"]
[TimeControl "180+2"]
[EndTime "18:24:41 PST"]
[Termination "Game drawn - insufficient material"]

1. e4 c5 2. Nc3 Nc6 3. g3 g6 4.
Bg2 Bg7 5. Nge2 Rb8 6. O-O b5 7. d3 b4 8. Nd5 e6 9. Ne3 Nge7 10. c3 bxc3 11. bxc3 d5 12. exd5 exd5 13. d4 cxd4 14. cxd4 O-O 15. Ba3 Re8 16. Bc5 a5 17. Nf4 Be6 18.
Rc1 Nf5 19. Nxf5 gxf5 20. Re1 Qd7 21. Qa4 Nxd4 22. Qxd7 Bxd7 23. Bxd5 Rxe1+ 24. Rxe1 Nc6 25. Bb3 Ne5 26. Bd5 a4 27. Bd6 Re8 28. Kg2 Ng6 29.
Rxe8+ Bxe8 30. Nd3 Bf8 31. Bxf8 Kxf8 32. Nb2 Ne7 33.
Ba8 Nc8 34. Kf3 Ke7 35. Kf4 Kf6 36. Nc4 Bb5 37. Ne3 Nd6 38. Bd5 a3 39. Nc2 Bc4 40.
Bxc4 Nxc4 41. Kf3 Ke5 42. Ke2 Ke4 43. f3+ Kd5 44. Kd3 Ne5+ 45. Ke3 Nc4+ 46. Kd3 h5 47. Kc3 Ne5 48. f4 Ng4 49. Nxa3 Nxh2 50. Nc4 Nf1 51. a4 Nxg3 52. a5 h4 53. a6 Kc6 54.
Kd3 h3 55. Ne5+ Kb6 56. Nf3 Nf1 57. Kd4 f6 58. Kd5 h2 59. Nxh2 Nxh2 60. Ke6 Ng4 61.
Kxf5 Ne3+ 62. Kxf6 Nd5+ 63. Ke5 Nxf4 64. a7 Kxa7 1/2-1/2

[Event "*** Titled Tuesday 3|2 Blitz"]
[Site "Chess.com"]
[Date "2015.11.03"]
[Round "7"]
[White "GrigorGrigorov"]
[Black "Sadovsky_Artem"]
[Result "0-1"]
[WhiteElo "2422"]
[BlackElo "2489"]
[TimeControl "180+2"]
[EndTime "18:24:54 PST"]
[Termination "Sadovsky_Artem won by resignation"]

1. d4 g6 2. Nf3 Bg7 3. c4 d6 4.
g3 e5 5. Nc3 Nc6 6. d5 Nce7 7.
Bg2 f5 8. e4 Nf6 9. Bg5 O-O 10.
O-O h6 11. Bxf6 Bxf6 12. exf5 gxf5 13. Rc1 Ng6 14. b4 Kh7 15. c5 Bd7 16. Nd2 e4 17.
Nc4 Ne5 18. Nxe5 Bxe5 19. f3 Qf6 20. Ne2 exf3 21. Rxf3 Rae8 22. Kh1 Re7 23. Nf4 dxc5 24. bxc5 Rfe8 25. Qd2 b6 26. Rff1 Bb5 27. Rfe1 Bxf4 28. Rxe7+ Rxe7 29. Qxf4 bxc5 30. h4 c4 31. a4 Ba6 32.
Bh3 Bb7 33. Bxf5+ Kg7 34. Qg4+ Kh8 35. Rd1 c3 36. Bc2 Bxd5+ 37. Kg1 Rg7 38. Qd4 Rxg3+ 39.
Kh2 Qxd4 40. Rxd4 Rg2+ 41. Kh3 Rd2 42. Rxd2 cxd2 43. Bd1 c5 44. Kg3 c4 45. Kf4 c3 46.
Ke3 Bc4 47. Kd4 Be2 48. Kxc3 Bxd1 49. a5 Bg4 50. Kxd2 Kg7 51. Ke3 Kf6 52. Kf4 Bc8 53. Ke4 Kg6 54. Kf4 Kh5 0-1

[Event "*** Titled Tuesday 3|2 Blitz"]
[Site "Chess.com"]
[Date "2015.11.03"]
[Round "7"]
[White "SerGo055"]
[Black "ArnaudovP"]
[Result "0-1"]
[WhiteElo "2403"]
[BlackElo "2334"]
[TimeControl "180+2"]
[EndTime "18:25:08 PST"]
[Termination "ArnaudovP won by resignation"]

1. d4 Nf6 2. Nf3 e6 3. c4 Nc6 4. Bg5 h6 5. Bh4 Bb4+ 6. Nbd2 d5 7. e3 Be7 8. Bd3 O-O 9. O-O b6 10. Qc2 Nb4 11. Qb1 Nxd3 12. Qxd3 Bb7 13. Rac1 c5 14. cxd5 Nxd5 15. Bxe7 Nxe7 16. Qa3 cxd4 17. Nxd4 Qd5 18. N2f3 Nf5 19. Rfd1 Rfd8 20. h3 Qe4 21. Nxf5 Qxf5 22.
Rxd8+ Rxd8 23. Qe7 Rb8 24. Qc7 Rc8 25. Qxb7 Rxc1+ 26.
Kh2 Qb1 27. Ne5 Rh1+ 28. Kg3 Qf5 29. f4 Re1 30. Kf2 Rc1 31. g4 Qf6 32. Kg3 Rg1+ 33. Kf2 Rd1 34. Kg3 Rd8 35. h4 Re8 36. g5 Qe7 37. Qc6 f6 38. Nf3 hxg5 39. hxg5 Rd8 40. Qc4 Qd6 41. Qe4 Qd5 42. Qg6 Qf5 43. Qh5 Qh7 44. Qg4 f5 45. Qh4 Qxh4+ 46. Nxh4 Rd2 47. b4 Rxa2 48. Ng6 a5 49. bxa5 bxa5 50. Ne7+ Kf7 51.
Nc6 a4 52. e4 Ra3+ 53. Kf2 fxe4 54. Ke2 Rh3 55. Ne5+ Ke8 0-1

[Event "*** Titled Tuesday 3|2 Blitz"]
[Site "Chess.com"]
[Date "2015.11.03"]
[Round "7"]
[White "fastestmindalive"]
[Black "spirals5"]
[Result "1/2-1/2"]
[WhiteElo "2312"]
[BlackElo "2218"]
[TimeControl "180+2"]
[EndTime "18:27:49 PST"]
[Termination "Game drawn by repetition"]

1. e4 c5 2. c4 Nc6 3. Nc3 g6 4. g3 Bg7 5. Bg2 e6 6. Nge2 Nge7 7. O-O O-O 8. d3 d6 9. f4 f5 10. h3 Rb8 11. Kh2 Nd4 12. Nxd4 Bxd4 13. Ne2 Bg7 14. Rb1 Nc6 15. b3 Bd7 16. Be3 Qf6 17. Qd2 b6 18.
Rbd1 Nd4 19. Bxd4 cxd4 20. g4 e5 21. g5 Qe7 22. h4 fxe4 23. Bxe4 Bg4 24. Rde1 Kh8 25.
Kg2 Bxe2 26. Rxe2 exf4 27. Rxf4 Rxf4 28. Qxf4 Rf8 29. Qg4 Be5 30. Rf2 Rxf2+ 31. Kxf2 Qf7+ 32. Ke2 Kg7 33. Bd5 Qf5 34. Qxf5 gxf5 35. Kf3 h6 36.
gxh6+ Kxh6 37. Be6 Kg6 38. Bc8 Bh2 39. b4 a5 40. a3 axb4 41. axb4 Be5 42. Bb7 Kh5 43. Bc8 Kg6 44. h5+ Kg5 45. h6 Bf6 46. h7 Kg6 47. Ke2 Kxh7 48. Bxf5+ Kg7 49. Kf3 Bg5 50. Ke4 Bd2 51. b5 Kf6 52. Bh3 Bc3 53. Kd5 Ke7 54. Bg4 Bb4 55. Kxd4 Kd8 56. Kd5 Kc7 57. Bh3 Ba3 58.
Bg2 Bb4 59. Bf1 Ba3 60. Kd4 Bb2+ 61. Ke4 Ba3 62. d4 Bb4 63. Be2 Bc3 64. Kd5 Bb4 65. Bg4 Ba3 66. Bh3 Bb4 67. Ke4 Ba3 68. Kd3 Bb2 69.
Be6 Ba1 70. Ke4 Bb2 71. Kd5 Ba3 72. Bf5 Bb4 73. Bc2 Ba3 74. Bb3 Bb4 75. Ke4 Ba3 76.
Kd3 Bb2 77. Bc2 Ba1 78. Bd1 Bb2 79. Bg4 Ba1 80. Bf3 Bb2 81. Bg2 Ba1 82. Ke3 Bb2 83. Ke4 Bc3 84. Kd5 Bb4 85. Bf3 Ba3 86. Bh5 Bb4 87. Be8 Ba3 88. Bc6 Bb4 89. Ke4 Bc3 90. Kd5 Bb4 91. Ke6 Ba3 92. Be4 Bb4 93. Bc2 Ba3 94. c5 bxc5 95. d5 c4 96. Kf5 Kb6 97. Ke4 Kxb5 98. Ke3 Kc5 99. Be4 Bb2 100. Kd2 Kd4 101. Bg2 c3+ 102. Kc2 Ba3 103. Bh1 Bc5 104. Bg2 Kc4 105. Bh1 Bd4 106. Bg2 Be5 107. Bh1 Kd4 108. Bg2 Ke3 109. Bh1 Kf2 110. Be4 Kg1 111. Bh7 Kf2 112. Bg8 Ke3 113. Be6 Kd4 114. Bg8 Kc5 115. Be6 Kc4 116. Bg8 Kd4 117. Be6 Kc4 118. Bg8 Kd4 119. Kd1 Kd3 120. Bh7+ Kd4 121. Kc2 Kxd5 122. Bd3 Kc5 123. Bf1 d5 124. Bd3 d4 125.
Bh7 Kc4 126. Bg8+ Kc5 127. Bb3 Bg7 128. Bf7 Kd6 129. Be8 Ke5 130. Bg6 Kf4 131. Bd3 Ke3 132. Bh7 Bf6 133. Bf5 Ke2 134. Be4 Ke3 135. Bh7 Ke2 136. Bd3+ Ke3 137. Ba6 Bg7 138. Bb5 Bf6 139. Bf1 Bg7 140. Bd3 Bf6 141. Bg6 Bg7 142. Bd3 Bf6 1/2-1/2

[Event "*** Titled Tuesday 3|2 Blitz"]
[Site "Chess.com"]
[Date "2015.11.03"]
[Round "7"]
[White "Anton_Demchenko"]
[Black "Izoria123"]
[Result "1/2-1/2"]
[WhiteElo "2623"]
[BlackElo "2457"]
[TimeControl "180+2"]
[EndTime "18:28:57 PST"]
[Termination "Game drawn - insufficient material"]

1. e4 c5 2. Nf3 a6 3. d4 cxd4 4. c3 dxc3 5. Nxc3 e6 6. Bc4 Nc6 7. O-O b5 8. Bb3 Bb7 9. Re1 Na5 10. Bc2 Nf6 11. Bf4 Be7 12. Qd3 Nc4 13. Rab1 Rc8 14. a4 b4 15. Na2 d5 16. exd5 Qxd5 17. Qe2 O-O 18. Bb3 Qe4 19. Rbc1 Na5 20. Qxe4 Bxe4 21. Bd1 Bd5 22. Ra1 Nb3 23. Rb1 a5 24. h3 Nc5 25. Nc1 Nxa4 26. Bxa4 Bb7 27. Nb3 Nd5 28. Be3 Bd8 29. Rbc1 Bb6 30. Bc5 Rfd8 31. Red1 Bc7 32. Bd4 Nf4 33. Rd2 e5 34. Rdc2 Bb8 35. Rxc8 Bxc8 36.
Bb6 Ne2+ 37. Kf1 Nxc1 38. Bxd8 Ba6+ 39. Kg1 Nd3 40. Bxa5 Nxb2 41. Bc6 Nd3 42. Nfd2 Bd6 43. Bb6 Kf8 44. f3 Ke7 45. Kh2 Ke6 46. Kg1 f5 47. g4 g6 48. h4 Be7 49. h5 Bd6 50.
Kg2 Nf4+ 51. Kf2 Nd3+ 52. Kg1 Nf4 53. Kf2 Nd3+ 54. Kg3 e4+ 55. Kh4 Be7+ 56. Kh3 exf3 57. Bxf3 Ne5 58. Be2 fxg4+ 59. Bxg4+ Nxg4 60. Kxg4 Be2+ 61. Kg3 Bxh5 62. Kf4 Be2 63. Nd4+ Kd5 64. Nxe2 h5 65. Kf3 g5 66. Kg2 Bc5 67. Bd8 g4 68. Bf6 Be3 69. Nf1 Bc5 70. Nf4+ Kc4 71. Nxh5 Bd4 72.
Bg5 b3 73. Nd2+ Kc3 74. Nxb3 Kxb3 75. Ng3 Kc4 76. Nf1 Kd5 77. Nh2 Be5 78. Nxg4 Ke4 79. Nf2+ Kf5 80. Bd2 Bf4 81. Bb4 Be3 82. Nd1 Bd4 83.
Kf3 Ke5 84. Ke2 Ke4 85. Bd2 Ke5 86. Kd3 Kd5 87. Bf4 Be5 88. Ne3+ Ke6 89. Bh6 Bf6 90. Ke4 Ba1 91. Ng2 Kd6 92. Be3 Kc6 93. Nh4 Bf6 94. Nf5 Ba1 95. Ne7+ Kd7 96. Nd5 Ke6 97. Nc7+ Kd7 98.
Nb5 Kc6 99. Na3 Kd7 100. Kd5 Ke7 101. Nc4 Kf7 102. Nd2 Bb2 103. Nb3 Kf6 104. Na5 Kf5 105. Nc4 Bh8 106. Bc1 Bf6 107. Nd6+ Kg4 108. Ke4 Bg5 109. Bb2 Be7 110. Nf5 Bf8 111. Be5 Kg5 112. Ne3 Kg6 113. Bf4 Bh6 114. Bxh6 Kxh6 1/2-1/2

[Event "*** Titled Tuesday 3|2 Blitz"]
[Site "Chess.com"]
[Date "2015.11.03"]
[Round "8"]
[White "LePlusMortel"]
[Black "ItalianMachine"]
[Result "1-0"]
[WhiteElo "2427"]
[BlackElo "2270"]
[TimeControl "180+2"]
[EndTime "18:32:42 PST"]
[Termination "LePlusMortel won by resignation"]

1. Nf3 Nf6 2. g3 e6 3. Bg2 d5 4. O-O Be7 5. d3 O-O 6. Nbd2 c5 7.
e4 Nc6 8. e5 Nd7 9. Re1 f6 10.
exf6 Nxf6 11. a3 Bd6 12. c4 Re8 13. Rb1 a5 14. b3 b6 15. Bb2 Bb7 16. Qe2 a4 17.
bxa4 Rxa4 18. Bxf6 Qxf6 19. cxd5 Nd4 20. Nxd4 Qxd4 21.
Rxb6 1-0

[Event "*** Titled Tuesday 3|2 Blitz"]
[Site "Chess.com"]
[Date "2015.11.03"]
[Round "8"]
[White "Aygehovit1992"]
[Black "Cryptochess"]
[Result "1-0"]
[WhiteElo "2465"]
[BlackElo "2413"]
[TimeControl "180+2"]
[EndTime "18:34:00 PST"]
[Termination "Aygehovit1992 won by resignation"]

1. e4 d6 2. Nf3 Nf6 3. Nc3 g6 4. d4 Bg7 5. Be2 O-O 6. O-O c6 7. h3 b5 8. a3 Qc7 9. Be3 e5 10. Qd2 Nbd7 11. Bh6 Nb6 12. Bxg7 Kxg7 13. Rad1 Be6 14.
Ng5 Bc4 15. f4 Bxe2 16. Qxe2 exd4 17. Rxd4 Rfe8 18. f5 Qe7 19. Qf2 h6 20. Nf3 c5 21.
Rdd1 Nxe4 22. Nxe4 Qxe4 23. f6+ Kh7 24. Rxd6 Nc4 25.
Rd7 Qe6 26. Rc7 Qxf6 27. Ng5+ 1-0

[Event "*** Titled Tuesday 3|2 Blitz"]
[Site "Chess.com"]
[Date "2015.11.03"]
[Round "8"]
[White "AlexanderL"]
[Black "GrigorGrigorov"]
[Result "0-1"]
[WhiteElo "2533"]
[BlackElo "2433"]
[TimeControl "180+2"]
[EndTime "18:35:01 PST"]
[Termination "GrigorGrigorov won by resignation"]

1. d4 Nf6 2. Bf4 e6 3. e3 b6 4. Nf3 Bb7 5. h3 Be7 6. Bd3 O-O 7. O-O d5 8. Nbd2 c5 9. c3 Nc6 10. Rc1 Bd6 11. Bxd6 Qxd6 12. Qe2 e5 13. dxc5 Qxc5 14. e4 Qe7 15. exd5 Nxd5 16. Qe4 Nf6 17. Qh4 Rad8 18. Bb1 h6 19. Rfe1 Rfe8 20. Ne4 Nd5 21. Qh5 Nf4 22. Qg4 f5 23. Qxf5 Bc8 24. Nf6+ Qxf6 25.
Qxf6 gxf6 26. Rcd1 Rxd1 27. Rxd1 Rd8 28. Rxd8+ Nxd8 29. Nh4 Nf7 30. Nf5 Bxf5 31. Bxf5 Nd6 32. Bc2 Kf7 33. Kf1 Ke6 34. Bb3+ Kd7 35. Bc2 Kc6 36.
h4 a5 37. g3 Ne6 38. Ke2 f5 39. b3 Kd5 40. a3 e4 41. Ke3 Ke5 42. f4+ exf3 43.
Kxf3 Ne4 44. c4 Nd4+ 0-1